 Dungeon Crawl Stone Soup version 0.28.0-43-g3370ac3207 (webtiles) character file.

Game seed: 15444742730983737585

380 NoSkeletonsAllowed the Ruffian (level 6, 0/50 HPs)
             Began as a Draconian Transmuter on Mar 12, 2022.
             Was a Believer of Nemelex Xobeh.
             Succumbed to a gnoll's poison
             ... on level 3 of the Dungeon.
             The game lasted 00:23:16 (3095 turns).

NoSkeletonsAllowed the Ruffian (DrTm)               Turns: 3095, Time: 00:23:17

Health: 0/50       AC:  7    Str: 14    XL:     6   Next: 46%
Magic:  6/9        EV: 13    Int: 14    God:    Nemelex Xobeh [**....]
Gold:   173        SH:  0    Dex: 17    Spells: 7/10 levels left

rFire   + . .      SeeInvis .     - Unarmed
rCold   x . .      Faith    .   (no shield)
rNeg    . . .      Spirit   .   (armour unavailable)
rPois   .          Reflect  .   (helmet currently unavailable)
rElec   .          Harm     .   h - +0 cloak
rCorr   .          Rampage  .   (no gloves)
Will    .....                   (boots currently unavailable)
Stlth   ++........              (no amulet)
HPRegen 0.16/turn               b - ring of fire
MPRegen 0.11/turn               g - +6 ring of dexterity

@: lethally poisoned (0 -> -4), appendages, wereblooded
A: horns 2, talons 2, AC +6, unfitting armour, cold-blooded
a: End Transformation, Renounce Religion, Draw Escape, Draw Destruction, Draw
Summoning


You were on level 3 of the Dungeon.
You worshipped Nemelex Xobeh.
Nemelex Xobeh was pleased with you.
You had temporarily grown beastly horns and talons.
You visited 1 branch of the dungeon, and saw 3 of its levels.

You collected 173 gold pieces.

Inventory:

Missiles
 a - 196 stones
 f - 9 boomerangs (quivered)
Armour
 e - a +0 chain mail
 h - a +0 cloak (worn)
 j - a +0 leather armour
Jewellery
 b - a ring of fire (left hand)
 g - a +6 ring of dexterity (right hand)
Wands
 d - a wand of flame (26)
Scrolls
 c - a scroll of brand weapon
Potions
 i - a potion of might
 k - a potion of curing {unknown}
 l - a potion of magic {unknown}
 m - a potion of heal wounds {unknown}


   Skills:
 * Level 2.7 Fighting
 + Level 2.6 Dodging
 - Level 0.5 Stealth
 * Level 5.7 Unarmed Combat
 + Level 2.5 Spellcasting
 + Level 2.5 Transmutations
 * Level 1.1 Invocations


You had 7 spell levels left.
You knew the following spells:

 Your Spells              Type           Power      Damage    Failure   Level
a - Beastly Appendage     Tmut           16%        N/A       9%          1
b - Wereblood             Tmut           8%         N/A       12%         2

Your spell library contained the following spells:

 Spells                   Type           Power      Damage    Failure   Level
 Magic Dart               Conj           4%         1d3       22%         1
 Searing Ray              Conj           2%         2d4       34%         2
 Spider Form              Tmut/Pois      5%         N/A       38%         3
 Ice Form                 Ice/Tmut       5%         N/A       80%         4
 Fulminant Prism          Conj/Hex       0%         3d6       92%         4


Dungeon Overview and Level Annotations

Branches:
Dungeon (3/15)

Altars:
Ashenzari
Nemelex Xobeh

Shops:
D:1 (

Annotations:
D:3 1 transporter


Innate Abilities, Weirdness & Mutations

You have temporarily grown beastly horns and talons.
Your plain brown scales are hard. (AC +6)
You cannot fit into any form of body armour.
You are cold-blooded and may be slowed by cold attacks.


Message History

You tail-slap the gnoll, but do no damage.
The gnoll is moderately wounded.
The gnoll barely misses you.
You miss the gnoll.
The gnoll is moderately wounded.
The gnoll misses you. The gnoll closely misses you.
You barely miss the gnoll. Your kick misses the gnoll.
The gnoll is moderately wounded.
The gnoll barely misses you. The gnoll hits you but does no damage.
You punch the gnoll! Your kick misses the gnoll. You tail-slap the gnoll.
You kill the gnoll!
Your horns disappear.
Your talons disappear.
The gnoll hits you from afar with a +1 halberd of chaos!
Casting: Beastly Appendage (safe; 9% risk of failure)
Confirm with . or Enter, or press ? or * to list all spells.
You grow a pair of large bovine horns.
Your feet morph into talons.
The gnoll barely misses you.
The gnoll hits you from afar with a +1 halberd of chaos.
You are poisoned.
You hit the gnoll.
The gnoll is moderately wounded.
You feel sick. The gnoll hits you but does no damage.
The gnoll hits you from afar with a +1 halberd of chaos!
The gnoll burns you.
Casting: Beastly Appendage (safe; 9% risk of failure)
Confirm with . or Enter, or press ? or * to list all spells.
Your blood is infused with primal strength.
You feel sick. The gnoll barely misses you.
The gnoll hits you from afar with a +1 halberd of chaos.
You are electrocuted!
* * * LOW HITPOINT WARNING * * *
Okay, then.
You draw a card...
You have drawn Exile.
The gnoll is devoured by a tear in reality.
* * * LOW HITPOINT WARNING * * *
You feel sick. The gnoll hits you with a +0 club.
* * * LOW HITPOINT WARNING * * *
Okay, then.
You die...
Your body glows slightly and disappears.

#.........##.#.###..#.#####...#.
#[....).........................
#..≈≈≈≈≈≈≈≈≈≈≈≈≈≈≈≈≈≈≈≈≈≈≈≈≈.##.
#..≈≈≈≈≈≈≈≈≈≈≈≈≈≈≈≈≈≈≈≈≈≈≈≈≈.##.
#..≈≈#####...........#####≈≈.##.
#..≈≈#.8.#.###.©.###.#.8.#≈≈.#.#
#..≈≈#g..###§#####.###...#≈≈.##.
##.≈≈###...g.g..)......###≈≈.###
#.≈≈.8#.######@######.#8.≈≈.# #
#.≈≈.##.#$. #8..#.⌠.#.##.≈≈.# #
#.≈≈.#..'( #⌠©.....'..#.≈≈.# #
#.≈≈.##.#$ #8..#.⌠.#.##.≈≈.###
#.≈≈.8#.######'######.#8.≈≈....
#.≈≈###.W.W...........###≈≈....
##.≈≈#g.g###©#####(###...#≈≈.###
#..≈≈#.8g#.###.©.###.#.8.#≈≈.###
#..≈≈#####...........#####≈≈....


You could see 2 gnolls.

Vanquished Creatures
  The ghost of Icepheonix32 the Firebug, an amateur DrFE (D:3)
  A scorpion (D:3)
  A centaur skeleton (D:3)
  Natasha (D:2)
  2 gnolls (D:3)
  3 adders
  3 worms
  4 dart slugs
  2 orcs (D:3)
  5 ball pythons
  5 endoplasms
  A giant cockroach (D:2)
  A goblin (D:2)
  8 hobgoblins
  6 kobolds
  7 quokkas
  6 bats
  4 frilled lizards
  7 rats
68 creatures vanquished.

Vanquished Creatures (collateral kills)
  Natasha (twice) (D:2)
  A worm (D:2)
  A bat (D:3)
  A kobold (D:3)
5 creatures vanquished.

Vanquished Creatures (others)
  5 fungi (D:1)
  9 plants
14 creatures vanquished.

Grand Total: 87 creatures vanquished

Notes
Turn   | Place    | Note
-------+----------+-------------------------------------------
     0 | D:1      | NoSkeletonsAllowed the Draconian Transmuter began the quest
                  | for the Orb.
     0 | D:1      | Reached XP level 1. HP: 16/16 MP: 3/3
    23 | D:1      | You fall into a shaft and drop 1 floor!
    74 | D:2      | Reached XP level 2. HP: 15/23 MP: 5/5
   579 | D:2      | Found a broken altar of Ashenzari.
   749 | D:2      | Became a worshipper of Ashenzari the Shackled
   952 | D:1      | Reached XP level 3. HP: 21/28 MP: 6/6
   997 | D:1      | Reached skill level 4 in Unarmed Combat
  1163 | D:1      | Found Nugh's Antique Weapon Shop.
  1228 | D:1      | Learned a level 2 spell: Wereblood
  1626 | D:1      | Found a faded altar of an unknown god.
  1635 | D:1      | Prayed at the altar of an unknown god.
  1635 | D:1      | Fell from the grace of Ashenzari
  1635 | D:1      | Became a worshipper of Nemelex Xobeh the Trickster
  1635 | D:1      | Reached * piety under Nemelex Xobeh
  1826 | D:2      | Noticed Natasha
  1832 | D:2      | Received a gift from Nemelex Xobeh
  1842 | D:2      | Killed Natasha
  1843 | D:2      | Reached XP level 4. HP: 33/36 MP: 3/7
  1854 | D:2      | Noticed Natasha
  1860 | D:2      | Identified the -1 trident "Xururil" {spect, rElec rC- Dex+8
                  | SInv}
  1876 | D:2      | Killed Natasha
  2025 | D:2      | Noticed Natasha
  2034 | D:2      | Killed Natasha
  2035 | D:2      | Was forgiven by Ashenzari
  2035 | D:2      | Reached XP level 5. HP: 41/41 MP: 8/8
  2319 | D:3      | Reached skill level 5 in Unarmed Combat
  2439 | D:3      | Received a gift from Nemelex Xobeh
  2721 | D:3      | Reached ** piety under Nemelex Xobeh
  2908 | D:3      | Reached XP level 6. HP: 43/50 MP: 9/9
  3026 | D:3      | Found a transporter.
  3026 | D:3      | Found a transporter.
  3029 | D:3      | Noticed Icepheonix32's ghost (amateur DrFE)
  3058 | D:3      | Killed Icepheonix32's ghost
  3059 | D:3      | Reached skill level 1 in Invocations
  3094 | D:3      | HP: 2/50 [poisoned by a gnoll]
  3095 | D:3      | Succumbed to a gnoll's poison

Illustrated notes

Levels and vault maps discovered:
D:1:      matt_arrival_refuge, layout_rooms, shapermc_ecumenical_altar_petra,
          serial_shops, shop
D:2:      layout_loops_cross, basic_altar, st_stairs_12, minivault_25,
          feat_on_display, uniq_natasha
D:3:      layout_loops_ring, gammafunk_ghost_gnarly_gnolls,
          kennysheep_decorative_pillar

Skill      XL: |  1  2  3  4  5  6 |
---------------+-------------------+-----
Dodging        | 2 |  2.6
Unarmed Combat | 4 5 |  5.7
Fighting       | 2 |  2.7
Invocations    | 1 |  1.1
Stealth        | |  0.5
Spellcasting   | |  2.5
Transmutations | |  2.5

Action                   |  1- 3 |  4- 6 || total
-------------------------+-------+-------++-------
Melee: Unarmed           |   133 |   104 ||   237
       Tailslap          |    20 |    13 ||    33
       Punch             |     6 |     4 ||    10
       Kick              |     6 |     6 ||    12
       Headbutt          |     6 |     4 ||    10
Throw: Stone             |    13 |       ||    13
       Boomerang         |    16 |     3 ||    19
 Cast: Beastly Appendage |     7 |     7 ||    14
       Wereblood         |     3 |     3 ||     6
Invok: Draw Summoning    |       |     4 ||     4
       Draw Destruction  |       |     3 ||     3
       Draw Escape       |       |     1 ||     1
  Use: Scroll            |     2 |     2 ||     4
       Potion            |       |     1 ||     1
 Stab: Petrified         |       |     1 ||     1
Armor: Skin              |    25 |    32 ||    57
Dodge: Dodged            |    47 |    75 ||   122
